 Dungeon Crawl Stone Soup version 0.29.0-4-gdea44cf6ec (webtiles) character file.

Game seed: 15241162613678369641

1116 LynnLen the Sneak (level 8, -7/40 HPs)
             Began as a Spriggan Enchanter on Aug 28, 2022.
             Was a Follower of Nemelex Xobeh.
             Mangled by an ogre
             ... wielding a +0 giant spiked club
              (21 damage)
             ... on level 6 of the Dungeon.
             The game lasted 00:21:36 (8042 turns).

LynnLen the Sneak (Spriggan Enchanter)              Turns: 8042, Time: 00:21:36

Health: -7/40      AC:  2    Str:  4    XL:     8   Next: 12%
Magic:  15/17      EV: 17    Int: 25    God:    Nemelex Xobeh [*.....]
Gold:   62         SH:  0    Dex: 15    Spells: 2/17 levels left

rFire   . . .      SeeInvis +   a - +1 dagger
rCold   . . .      Faith    .   (no shield)
rNeg    . . .      Spirit   .   b - +0 robe
rPois   .          Reflect  .   (helmet restricted)
rElec   .          Harm     .   (no cloak)
rCorr   .          Rampage  .   (gloves unavailable)
Will    +....                   (boots unavailable)
Stlth   ++++......              (no amulet)
HPRegen 0.13/turn               u - +6 ring of intelligence
MPRegen 0.15/turn               (no ring)

@: very quick
A: very small, no large weapons, unfitting armour, see invisible, speed 3
a: Renounce Religion, Draw Escape, Draw Destruction, Draw Summoning


You were on level 6 of the Dungeon.
You worshipped Nemelex Xobeh.
Nemelex Xobeh was aware of your devotion.
You visited 1 branch of the dungeon, and saw 6 of its levels.

You collected 122 gold pieces.
You spent 60 gold pieces at shops.

Inventory:

Hand Weapons
 a - a +1 dagger (weapon)
 h - a +0 sling
Armour
 b - a +0 robe (worn)
Jewellery
 s - a ring of protection from fire
 u - a +6 ring of intelligence (left hand)
Wands
 v - a wand of paralysis (6)
Scrolls
 d - 2 scrolls of noise {unknown}
 e - a scroll of blinking {unknown}
 f - a scroll of butterflies {unknown}
 g - a scroll of summoning {unknown}
 i - 2 scrolls of vulnerability
 j - 2 scrolls of poison {unknown}
 l - a scroll of amnesia {unknown}
 n - a scroll of torment {unknown}
 p - a scroll of teleportation {unknown}
 r - a scroll of fear {unknown}
 w - 2 scrolls of enchant weapon {unknown}
Potions
 c - a potion of invisibility
 k - 2 potions of ambrosia
 m - a potion of haste
 o - 2 potions of heal wounds {unknown}
 q - 2 potions of curing
 t - 2 potions of might {unknown}
 x - 2 potions of degeneration {unknown}
 z - a potion of lignification {unknown}


   Skills:
 + Level 3.0 Fighting
 + Level 2.8 Short Blades
 - Level 2.6 Dodging
 + Level 7.5 Stealth
 + Level 5.3 Spellcasting
 + Level 5.9 Hexes
 + Level 4.6 Translocations
 + Level 2.5 Ice Magic


You had 2 spell levels left.
You knew the following spells:

 Your Spells              Type           Power      Damage    Failure   Level
a - Ensorcelled Hibernat  Hex/Ice        54%        N/A       2%          2
b - Confusing Touch       Hex            36%        N/A       1%          3
c - Tukima's Dance        Hex            36%        N/A       1%          3
d - Blink                 Tloc           60%        N/A       1%          2
e - Manifold Assault      Tloc           30%        N/A       32%         5

Your spell library contained the following spells:

 Spells                   Type           Power      Damage    Failure   Level
 Summon Small Mammal      Summ           24%        N/A       8%          1
 Dazzling Flash           Conj/Hex       42%        N/A       7%          3
 Summon Guardian Golem    Hex/Summ       21%        N/A       7%          3
 Call Canine Familiar     Summ           6%         N/A       24%         3
 Ignite Poison            Fire/Tmut/Pois 6%         N/A       24%         3
 Mephitic Cloud           Conj/Pois/Air  6%         N/A       24%         3
 Fulminant Prism          Conj/Hex       10%        3d9       24%         4
 Iskenderun's Mystic Bla  Conj/Tloc      18%        2d6       30%         4
 Freezing Cloud           Conj/Ice/Air   5%         6-21      83%         5
 Lee's Rapid Deconstruct  Erth           3%         3d6*      91%         5
 Starburst                Conj/Fire      3%         6d3       100%        6
 Storm Form               Tmut/Air       3%         N/A       100%        7


Dungeon Overview and Level Annotations

Branches:
Dungeon (6/15)
 Temple: D:4-7

Altars:
Gozag
Nemelex Xobeh
Yredelemnul

Shops:
D:2 !   D:3 *


Innate Abilities, Weirdness & Mutations

You are very small and have problems with some larger weapons.
You are too small for most types of armour.
You have supernaturally acute eyesight. (SInv)
You cover ground extremely quickly. (Speed+++)


Message History

HP restored.
You start resting.
Magic restored.
Things that are here:
a hound corpse; a hound corpse The white imp shouts!
An ogre comes into view. It is wielding a +0 giant spiked club.
Found 7 gold pieces.
The white imp gestures at you. The puff of frost hits you.
Casting: Confusing Touch (safe; 1% risk of failure)
Press: ? - help, Q - select action, (/) - cycle Dir - look around, f - activate Your hands begin to glow red.
The white imp hits you but does no damage.
You closely miss the white imp. The white imp hits you.
The white imp freezes you.
You barely miss the white imp.
The white imp picks up a beetle and eats it.
The white imp hits you. The white imp freezes you.
You hit the white imp but do no damage.
The white imp appears confused.
You hit the white imp.
The white imp is moderately wounded.
The ogre barely misses you.
You hit the white imp but do no damage.
The white imp is moderately wounded.
You barely miss the white imp.
The white imp is moderately wounded.
The ogre hits you with a +0 giant spiked club!
The white imp closely misses you.
You hit the white imp.
The white imp is moderately wounded.
The white imp closely misses you.
The white imp hits itself.
You barely miss the white imp.
The white imp is severely wounded.
You barely miss the white imp.
The white imp is severely wounded.
The ogre hits you with a +0 giant spiked club!!
Ouch! That really hurt!
You die...
Your body disappears without a glow.

.$ .# ###.# $..#
#.. # ..###
#$###.#
......#.o$..#
#..$O5#......
#.###@# ###..
#..†..#...... #
#......#........#
#
#..###.#.###...##
#. # .
.....#.........
#..##
#........####
#.... #.###...##
# ...#......## #
.........###
#.#.#


You could see an ogre, a white imp (confused) and an orc.

Vanquished Creatures
  2 black bears (D:4)
  A centaur (D:5)
  A necrophage (D:6)
  2 scorpions
  A howler monkey (D:4)
  A jelly (D:4)
  4 orc priests
  3 hounds
  An iguana (D:3)
  4 orc wizards
  8 adders
  A gnoll (D:1)
  A shadow imp (D:6)
  A white imp (D:6)
  3 worms
  2 dart slugs
  18 orcs
  5 ball pythons
  3 bats
  7 endoplasms
  A giant cockroach (D:1)
  5 hobgoblins
  7 jackals
  4 quokkas
  4 frilled lizards
  4 goblins
  5 kobolds
  3 rats
102 creatures vanquished.

Vanquished Creatures (collateral kills)
  An ogre (D:4)
1 creature vanquished.

Vanquished Creatures (others)
  3 dancing weapons (D:5)
3 creatures vanquished.

Grand Total: 106 creatures vanquished

Notes
Turn   | Place    | Note
-------+----------+-------------------------------------------
     0 | D:1      | LynnLen the Spriggan Enchanter began the quest for the Orb.
     0 | D:1      | Reached XP level 1. HP: 9/9 MP: 5/5
   256 | D:1      | Found a faded altar of an unknown god.
   604 | D:1      | Reached XP level 2. HP: 14/14 MP: 6/6
   718 | D:1      | Learned a level 2 spell: Ensorcelled Hibernation
   748 | D:1      | Reached skill level 5 in Stealth
  1054 | D:1      | Reached XP level 3. HP: 12/17 MP: 1/8
  1179 | D:2      | Reached skill level 1 in Fighting
  3113 | D:2      | Found Qicinyu's Distillery.
  3202 | D:2      | Reached XP level 4. HP: 22/22 MP: 6/10
  3267 | D:2      | Learned a level 3 spell: Confusing Touch
  3271 | D:2      | Learned a level 3 spell: Tukima's Dance
  3274 | D:2      | Learned a level 2 spell: Blink
  3585 | D:3      | Reached skill level 1 in Translocations
  3778 | D:3      | Reached XP level 5. HP: 24/25 MP: 6/11
  4457 | D:3      | Found Nomebl Ybufe's Assorted Antiques.
  4630 | D:3      | Bought a scroll labelled POUCUN FARGH for 20 gold pieces
  4630 | D:3      | Bought a scroll labelled XUNIWANICY for 20 gold pieces
  4630 | D:3      | Bought a scroll labelled KUOCLO FUOSO for 20 gold pieces
  4771 | D:4      | Noticed a black bear
  4866 | D:4      | Killed a black bear
  4867 | D:4      | Reached skill level 6 in Stealth
  4867 | D:4      | Reached skill level 1 in Ice Magic
  4867 | D:4      | Reached XP level 6. HP: 24/30 MP: 10/13
  5066 | D:4      | Reached skill level 5 in Hexes
  5625 | D:4      | Found a sparkling altar of Nemelex Xobeh.
  5649 | D:4      | Found a basalt altar of Yredelemnul.
  5727 | D:4      | Became a worshipper of Nemelex Xobeh the Trickster
  5894 | D:4      | Reached XP level 7. HP: 17/35 MP: 7/15
  6545 | D:4      | Learned a level 5 spell: Manifold Assault
  6595 | D:5      | Entered Level 5 of the Dungeon
  6906 | D:5      | Reached skill level 7 in Stealth
  6920 | D:5      | Reached * piety under Nemelex Xobeh
  6950 | D:5      | Reached skill level 5 in Spellcasting
  7772 | D:6      | Found an opulent altar of Gozag.
  7821 | D:6      | Received a gift from Nemelex Xobeh
  7906 | D:6      | Reached XP level 8. HP: 34/39 MP: 13/16
  8042 | D:6      | Mangled by an ogre

Illustrated notes

Levels and vault maps discovered:
D:1:      dpeg_arrival_circle_labyrinth_a, layout_loops_ring,
          hellmonk_ecumenical_altar_dog_temple, chequers_serial_rivers_small_3
D:2:      layout_loops_ring, serial_shops, shop
D:3:      layout_basic, serial_shops, nicolae_shop_stone
D:4:      layout_basic, mainiacjoe_overflow_large_starburst
D:5:      layout_basic
D:6:      hangedman_cross_stitches, layout_loops_ring, kennysheep_mini,
          nicolae_hepliaklqana_hippocampus, mainiacjoe_overflow_cross_hatched,
          grunt_gozag_statues, minmay_temple_entry_crystal_x

Skill      XL: |  1  2  3  4  5  6  7  8 |
---------------+-------------------------+-----
Spellcasting   | 3 4 5 |  5.3
Hexes          | 4 5 |  5.9
Stealth        | 5 6 7 |  7.5
Fighting       | 1 2 3 |  3.0
Translocations | 1 2 3 4 |  4.6
Ice Magic      | 1 2 |  2.5
Short Blades   | 2 |  2.8
Dodging        | |  2.6

Action                   |  1- 3 |  4- 6 |  7- 9 || total
-------------------------+-------+-------+-------++-------
Melee: Dagger            |   138 |    95 |   101 ||   334
       Punch             |     3 |     1 |     1 ||     5
 Cast: Ensorcelled Hiber |    18 |    32 |    20 ||    70
       Confusing Touch   |       |     2 |     4 ||     6
       Tukima's Dance    |       |       |    11 ||    11
  Use: Scroll            |     1 |     3 |       ||     4
       Potion            |       |     1 |       ||     1
 Stab: Sleeping          |    18 |    23 |    20 ||    61
       Invisible         |       |     2 |       ||     2
       Confused          |       |     4 |     3 ||     7
Armor: Robe              |     7 |     4 |    13 ||    24
Dodge: Dodged            |    98 |    47 |    61 ||   206
